 Dungeon Crawl Stone Soup version 0.24.0-1-gfbc8707 (webtiles) character file.

Game seed: 10289330035684669864, levelgen mode: deterministic

134786 AverageBear the Transmogrifier (level 16, -4/208 HPs)
             Began as a Red Draconian Transmuter on Oct 30, 2019.
             Was the Champion of Ashenzari.
             Hit by a javelin thrown by a merfolk javelineer (18 damage)
             ... on level 4 of the Shoals on Oct 31, 2019.
             The game lasted 03:00:28 (32781 turns).

AverageBear the Transmogrifier (DrTm)              Turns: 32781, Time: 03:00:29

Health: -4/208     AC: 19    Str: 25    XL:     16   Next: 62%
Magic:  27/30      EV: 13    Int: 23    God:    Ashenzari [******]
Gold:   2341       SH:  0    Dex: 15    Spells: 13/35 levels left

rFire    + + .     SeeInvis +     - Unarmed
rCold    x . .     Gourm    .   (shield currently unavailable)
rNeg     + . .     Faith    .   (armour unavailable)
rPois    +         Spirit   .   (helmet currently unavailable)
rElec    +         Reflect  .   (cloak currently unavailable)
rCorr    .         Harm     .   (gloves currently unavailable)
MR       +....     Clarity  +   (boots currently unavailable)
Stlth    ++++......             C - amulet of regeneration (curse)
HPRegen  0.84/turn              N - ring of Nooq {+Inv rElec rN+ Str+2 Int+4} (curse)
MPRegen  0.22/turn              b - ring of wizardry

@: dragon-form, flying, very slightly contaminated
A: giant, breathe fire, unfitting armour, agile 1, AC +9
a: Breathe Fire, End Transformation, Curse Item, Scrying, Transfer Knowledge,
Renounce Religion, Evoke Invisibility


You were on level 4 of the Shoals.
You worshipped Ashenzari.
Ashenzari was exalted by your worship.
You were not hungry.
You were a fearsome dragon!
You visited 7 branches of the dungeon, and saw 29 of its levels.
You also visited: Sewer and Ice Cave.

You collected 3672 gold pieces.
You spent 1331 gold pieces at shops.

Inventory:

Hand Weapons
 z - a cursed +9 vampiric broad axe (melded)
Missiles
 p - 8 atropa-tipped darts (quivered)
 F - 215 arrows
Armour
 i - a cursed +2 hat (melded)
 l - a cursed +2 cloak (melded)
 y - a cursed +2 pair of boots (melded)
 J - a cursed +0 buckler of positive energy (melded)
Jewellery
 b - a ring of wizardry (right foreclaw)
 B - an uncursed ring of ice
 C - a cursed amulet of regeneration (around neck)
 D - an uncursed amulet of the acrobat
 H - an uncursed amulet of guardian spirit
 N - the cursed ring of Nooq (left foreclaw) {+Inv rElec rN+ Str+2 Int+4}
   (You bought it in a shop on level 2 of the Orcish Mines)

   [ring of positive energy]

   It affects your strength (+2).
   It affects your intelligence (+4).
   It insulates you from electricity.
   It protects you from negative energy.
   It lets you turn invisible.
   It has a curse placed upon it.
 Q - an uncursed ring of resist corrosion
 S - an uncursed amulet of rage
 X - an uncursed ring of ice
Wands
 d - a wand of random effects (61)
 k - a wand of enslavement (1)
 n - a wand of iceblast (29)
 q - a wand of polymorph (7)
 G - a wand of paralysis (4)
 T - a wand of disintegration (17)
 Z - a wand of flame (24)
Scrolls
 f - 6 scrolls of remove curse
 m - 4 scrolls of enchant weapon
 r - 6 scrolls of teleportation
 t - a scroll of magic mapping
 u - a scroll of torment
 x - 2 scrolls of fog
 A - 6 scrolls of amnesia
 I - a scroll of vulnerability
 K - 9 scrolls of identify
 R - a scroll of immolation
Potions
 a - 2 potions of ambrosia
 e - 2 potions of might
 g - a potion of berserk rage
 h - 5 potions of curing
 j - a potion of invisibility
 o - 2 potions of lignification
 v - 2 potions of magic
 w - 5 potions of brilliance
 L - a potion of mutation
 P - 4 potions of cancellation
 W - a potion of haste
 Y - 2 potions of agility
Miscellaneous
 E - a lamp of fire
 U - a fan of gales
 V - a phantom mirror
Comestibles
 c - 31 rations
 O - 4 chunks of flesh


   Skills:
 - Level 12.0 Fighting
 + Level 8.3(13.7) Axes
   Level 9.1(10.4) Maces & Flails
 - Level 9.9(12.7) Dodging
 - Level 6.1(9.2) Stealth
 - Level 4.3(7.2) Shields
 - Level 10.0 Unarmed Combat
 - Level 10.0 Spellcasting
 - Level 6.4(9.5) Conjurations
 - Level 13.5(16.1) Transmutations
 - Level 9.0(11.9) Fire Magic
 - Level 4.2(7.0) Air Magic
 - Level 5.3(8.3) Evocations


You had 13 spell levels left.
You knew the following spells:

 Your Spells              Type           Power        Failure   Level  Hunger
a - Beastly Appendage     Tmut           ######       0%          1    None
b - Sticks to Snakes      Tmut           ######..     0%          2    None
c - Spider Form           Tmut/Pois      #####.....   1%          3    None
d - Conjure Flame         Conj/Fire      ######..     1%          3    None
e - Mephitic Cloud        Conj/Pois/Air  #####...     1%          3    None
f - Magic Dart            Conj           ####         1%          1    None
g - Blink                 Tloc           N/A          2%          2    None
h - Dragon Form           Tmut           ######....   2%          7    #######

Your spell library contained the following spells:

 Spells                   Type           Power        Failure   Level  Hunger
 Freeze                   Ice            ##..         1%          1    None
 Poisonous Vapours        Pois/Air       ####..       1%          2    None
 Throw Frost              Conj/Ice       ####..       1%          2    None
 Ice Form                 Ice/Tmut       #####...     1%          4    #......
 Blade Hands              Tmut           ######....   1%          5    ####...
 Irradiate                Conj/Tmut      ######....   1%          5    ####...
 Hydra Form               Tmut           ######....   1%          6    ######.
 Call Imp                 Summ           ##......     2%          2    None
 Slow                     Hex            ##......     3%          2    None
 Throw Icicle             Conj/Ice       ####....     3%          4    #......
 Ozocubu's Armour         Chrm/Ice       ##......     6%          3    None
 Statue Form              Tmut/Erth      #####....    12%         6    ######.
 Summon Ice Beast         Ice/Summ       ##......     19%         4    #......
 Freezing Cloud           Conj/Ice/Air   #####.....   32%         6    ######.
 Ring of Flames           Chrm/Fire      #####.....   80%         7    #######
 Malign Gateway           Summ/Tloc      ##........   100%        7    #######
 Monstrous Menagerie      Summ           ##........   100%        7    #######
 Summon Greater Demon     Summ           ##........   100%        7    #######
 Summon Horrible Things   Summ           ##........   100%        8    #######


Dungeon Overview and Level Annotations

Branches:
Dungeon (15/15)            Temple (1/1) D:5            Lair (5/6) D:11
 Shoals (4/4) Lair:3        Snake (1/4) Lair:2        Slime (0/5) Lair:5
    Orc (2/2) D:11            Elf (1/3) Orc:2        Vaults (0/5) D:13
 Depths (0/5) D:15          Sewer (visited)           IceCv (visited)

Altars:
Ashenzari
Cheibriados
Dithmenos
Elyvilon
Fedhas
Gozag
Hepliaklqana
Kikubaaqudgha
Makhleb
Nemelex Xobeh
Okawaru
Qazlal
Ru
Sif Muna
Trog
Uskayaw
Vehumet
Wu Jian
Xom
Yredelemnul
Zin
The Shining One

Shops:
D:5 =   D:9 [   D:11 [   D:15 }[   Orc:2 %!%*

Annotations:
D:3 2 transporters
Lair:4 3 runed translucent doors, Tunlugh's ghost, adept GrEE
Shoals:2 3 runed translucent doors, HilariousDeathArtist's ghost, adept CeWz
Shoals:4 Ilsuiw
Elf:1 Asterion


Innate Abilities, Weirdness & Mutations

You can breathe blasts of fire.
Your fiery red scales are hard. (AC +9)
You cannot fit into any form of body armour.
((Your flesh is heat resistant. (rF+)))
((You are cold-blooded and may be slowed by cold attacks.))
((Your tail ends in a sharp poisonous barb.))
You are agile. (Dex +2)


Message History

You hear a splash.
You feel better.
The merfolk javelineer throws a silver javelin.
The silver javelin completely misses you.
You hear a splash.
The merfolk javelineer throws a javelin.
The javelin pierces through you.
* * * LOW HITPOINT WARNING * * *
The merfolk javelineer throws a silver javelin.
The silver javelin pierces through you but does no damage.
The silver sears you!
* * * LOW HITPOINT WARNING * * *
You hear a splash.
A harpy comes into view.
The merfolk javelineer throws a silver javelin.
The silver javelin misses you.
You hear a splash.
The merfolk javelineer throws a javelin.
The javelin pierces through you!!
You die...

≈≈≈ ≈≈ ≈ ≈≈ ≈≈ ≈ ≈ P≈ ≈≈
≈≈ ≈≈ ≈≈P≈≈≈≈≈≈ ≈ **P≈ ≈≈
≈≈≈ ≈≈ *≈ ≈{#PPP≈≈≈≈≈ ≈ PP
≈≈ ,≈ ≈≈≈######≈≈P≈≈H##≈ ≈
≈ PP ≈≈≈ ≈≈≈≈PP≈≈≈≈P≈≈≈P#≈
≈≈≈ # ,,,,, ≈
≈≈≈≈≈≈≈≈≈≈≈P≈≈#PP≈ ≈≈ {# ,
≈ , ≈≈≈≈≈≈≈≈≈≈≈≈≈P≈P≈PPP≈
≈ ≈≈ ≈ ≈
≈≈≈≈≈≈≈≈≈≈≈≈P≈≈≈P##≈≈ ≈≈
≈≈ ≈≈≈≈
≈≈≈≈≈≈≈D≈≈≈≈P≈P≈PP≈ P≈ ≈≈≈
≈≈≈≈≈≈≈≈≈≈≈≈≈≈PP≈≈≈≈≈ *≈≈
, ,≈≈≈ ≈≈≈≈≈≈≈≈≈≈≈≈P≈≈≈≈≈≈
≈≈≈≈ ,, ≈ ≈
≈≈≈≈≈≈≈≈≈≈§§§≈≈c≈≈c≈ ≈ *,
, ,≈≈≈≈≈≈≈≈≈m§§§≈≈m≈{{c≈≈
≈≈ * ,,
≈≈≈≈≈≈≈PP§P§§§≈≈{≈≈≈≈≈≈≈
** ** *
.≈≈≈P≈P§P§§§§§§§≈≈≈≈c≈≈≈ *
,,**,
.≈≈PP≈P§§§P§§{..≈≈≈≈≈≈≈≈ *
, *
,,,≈≈≈P≈P§§§§..≈≈≈≈≈≈≈≈≈≈≈


You could see 2 merfolk javelineers, a faun and a harpy.

Vanquished Creatures
  Kirke (D:13)
  Frances (D:14)
  An orc warlord (Orc:2)
  Azrael (D:15)
  A merfolk javelineer (Shoals:2)
  3 merfolk impalers
  Harold (D:8)
  5 ice dragons
  9 hydras
  Erolcha (D:9)
  Erica (D:8)
  A merfolk avatar (Shoals:2)
  3 catoblepae
  5 ogre magi
  20 two-headed ogres
  An alligator snapping turtle (Shoals:2)
  A dancing weapon (Elf:1)
  A merfolk aquamancer (Shoals:2)
  A satyr (Shoals:3)
  3 centaur warriors
  2 orc high priests
  3 unseen horrors
  A skeletal warrior (D:10)
  7 sea snakes
  4 lindwurms (D:12)
  9 harpies
  5 deep elf magi (Elf:1)
  5 orc knights
  2 orc sorcerers
  10 ugly things
  An oklob plant (Lair:4)
  A salamander (shapeshifter) (D:15)
  13 fauns
  6 elephants (Lair:3)
  5 merfolk sirens
  3 cyclopes
  2 centaur zombies (D:14)
  Joseph (D:8)
  2 black mambas
  11 manticores
  3 torpor snails (Lair:1)
  4 water nymphs
  A black mamba (shapeshifter) (D:13)
  3 ice statues
  6 spiny frogs
  2 gargoyles (D:13)
  2 rime drakes (IceCv)
  5 komodo dragons
  2 efreet
  8 trolls
  A kobold demonologist (D:14)
  4 harpy zombies (Shoals:1)
  A wind drake (Shoals:1)
  15 merfolk
  9 hippogriffs
  2 blink frogs (Lair:4)
  5 snapping turtles
  7 slime creatures
  2 shadows
  A spriggan (D:7)
  7 water elementals
  3 wraiths
  A hog (shapeshifter) (D:13)
  5 wyverns
  30 yaks
  4 fire elementals (D:15)
  A hog (D:13)
  A basilisk (Lair:3)
  9 vampire mosquitoes
  3 hungry ghosts
  2 redback simulacra (D:15)
  5 wargs
  2 nagas (Lair:2)
  2 acid dragons
  6 water moccasins
  Duvessa (D:7)
  3 hell hounds (D:15)
  25 orc warriors
  14 ice beasts
  9 porcupines
  6 sky beasts
  An ice beast (shapeshifter) (D:13)
  28 ogres
  3 black bears
  6 phantoms
  A hornet zombie (D:13)
  13 centaurs
  An eye of draining (D:12)
  5 crocodiles
  3 big kobolds
  24 bullfrogs
  An earth elemental (Elf:1)
  2 water moccasin zombies
  Dowan (D:7)
  A wyvern skeleton (D:10)
  38 killer bees
  6 wights
  4 howler monkeys
  11 crimson imps
  3 bullfrog zombies
  4 jellies
  30 orc wizards
  15 orc priests
  Crazy Yiuf (D:3)
  6 hounds
  3 centaur skeletons
  2 bullfrog skeletons
  4 iguanas
  7 worker ants
  Ijyb (D:5)
  A killer bee zombie (D:6)
  2 worker ant zombies
  4 gnolls (D:8)
  21 adders
  4 river rats (Sewer)
  3 shadow imps
  4 white imps
  14 oozes
  An adder skeleton (D:5)
  2 worms
  2 dart slugs
  7 leopard geckos
  91 orcs
  8 ball pythons
  14 bats
  A bat zombie (Shoals:1)
  8 giant cockroaches
  6 goblins
  10 hobgoblins
  3 jackals (D:5)
  5 quokkas
  A frilled lizard (D:3)
  17 kobolds
  A quokka zombie (D:6)
  15 rats
  A fungus (Lair:4)
  4 plants
851 creatures vanquished.

Vanquished Creatures (collateral kills)
  A hydra (Lair:2)
  The ghost of Suk Xiy the Grappler, a journeyman DrTm of Yredelemnul (Lair:2)
  5 two-headed ogres
  A tengu warrior (D:13)
  An orc knight (D:13)
  A deep elf mage (D:15)
  An elephant (Lair:2)
  A manticore (D:13)
  A black mamba (Lair:3)
  2 spiny frogs
  A yaktaur (D:13)
  A rime drake (Lair:2)
  A queen bee (Lair:2)
  A troll (D:9)
  A meliai (D:13)
  Grinder (D:6)
  A slime creature (Lair:5)
  A hippogriff (Lair:1)
  2 blink frogs (Lair:4)
  A yak (Lair:1)
  A wyvern (Lair:3)
  A vampire mosquito (D:14)
  3 basilisks
  Edmund (D:5)
  2 water moccasins
  6 orc warriors
  2 ice beasts (IceCv)
  4 ogres
  4 centaurs (D:13)
  A crocodile (Lair:2)
  Blork the orc (D:6)
  2 bullfrogs
  2 scorpions
  7 killer bees (Lair:2)
  A crimson imp (D:13)
  6 jellies
  A hound (D:14)
  A hell rat (Lair:2)
  A worker ant (D:4)
  2 adders
  2 river rats (Sewer)
  5 oozes (Lair:4)
  15 orcs
  5 ball pythons (Sewer)
  2 frilled lizards (Sewer)
  11 rats (Sewer)
  A fungus (Lair:2)
116 creatures vanquished.

Vanquished Creatures (others)
  A meliai zombie (D:15)
  3 humans (D:13)
  A sky beast (D:8)
  3 orcs
  54 fungi
  30 plants
92 creatures vanquished.

Grand Total: 1059 creatures vanquished

Notes
Turn   | Place    | Note
-------+----------+-------------------------------------------
     0 | D:1      | AverageBear the Draconian Transmuter began the quest for
                  | the Orb.
     0 | D:1      | Reached XP level 1. HP: 16/16 MP: 3/3
   364 | D:1      | Reached XP level 2. HP: 20/23 MP: 3/5
   371 | D:1      | Reached skill level 3 in Transmutations
   802 | D:1      | Reached XP level 3. HP: 28/28 MP: 6/6
  1314 | D:2      | Learned a level 2 spell: Sticks to Snakes
  1318 | D:2      | Learned a level 3 spell: Spider Form
  1512 | D:2      | Found a sacrificial altar of Ru.
  1519 | D:2      | Reached skill level 4 in Transmutations
  1957 | D:2      | Found a burning altar of Makhleb.
  1994 | D:2      | Reached XP level 4. HP: 35/35 MP: 7/7
  2310 | D:3      | Reached skill level 5 in Transmutations
  2310 | D:3      | Reached XP level 5. HP: 38/40 MP: 3/8
  2339 | D:3      | Found a transporter.
  2376 | D:3      | Found a transporter.
  2724 | D:3      | Found a runed translucent door.
  2725 | D:3      | Noticed Crazy Yiuf
  2760 | D:3      | Found a shimmering blue altar of Sif Muna.
  3145 | D:3      | Found a glowing golden altar of the Shining One.
  3532 | D:3      | Killed Crazy Yiuf
  3532 | D:3      | Reached skill level 6 in Transmutations
  3776 | D:4      | Reached XP level 6. HP: 47/47 MP: 7/9
  3925 | D:4      | Found a glowing drain.
  3938 | Sewer    | Entered a sewer
  3960 | Sewer    | Reached skill level 7 in Transmutations
  4481 | Sewer    | Your scales start taking on a fiery red colour.
  4481 | Sewer    | Reached XP level 7. HP: 52/52 MP: 4/11
  4481 | Sewer    | Gained mutation: Your flesh is heat resistant. (rF+) [Red
                  | Draconian growth]
  4714 | D:5      | Entered Level 5 of the Dungeon
  4766 | D:5      | Learned a level 3 spell: Conjure Flame
  4770 | D:5      | Learned a level 3 spell: Mephitic Cloud
  4880 | D:5      | Found a white marble altar of Elyvilon.
  4990 | D:5      | Noticed Edmund
  5005 | D:5      | Killed Edmund
  5026 | D:5      | Reached skill level 5 in Spellcasting
  5177 | D:5      | Found a staircase to the Ecumenical Temple.
  5203 | Temple   | Entered the Ecumenical Temple
  5364 | Temple   | Became a worshipper of Ashenzari the Shackled
  5406 | D:5      | Found Qalo's Jewellery Shop.
  5446 | D:5      | Noticed Ijyb
  5448 | D:5      | Killed Ijyb
  5673 | D:6      | Reached XP level 8. HP: 59/59 MP: 16/16
  5974 | D:6      | Reached skill level 1 in Fire Magic
  6337 | D:6      | Found an iron altar of Okawaru.
  6407 | D:6      | Noticed Grinder
  6417 | D:6      | Noticed Blork the orc
  6424 | D:6      | Paralysed by Grinder for 7 turns
  6433 | D:6      | Killed Blork the orc
  6437 | D:6      | Killed Grinder
  6437 | D:6      | Reached skill level 5 in Fire Magic
  6890 | D:7      | Noticed Duvessa
  6890 | D:7      | Noticed Dowan
  7081 | D:7      | Reached skill level 5 in Fighting
  7127 | D:7      | Reached skill level 1 in Air Magic
  7127 | D:7      | Reached XP level 9. HP: 74/74 MP: 7/18
  7295 | D:7      | Killed Dowan
  7296 | D:7      | Killed Duvessa
  8584 | D:8      | Reached * piety under Ashenzari
  8694 | D:8      | Noticed a two-headed ogre
  8703 | D:8      | Killed a two-headed ogre
  8783 | D:8      | Noticed Joseph
  8827 | D:8      | Killed Joseph
  8827 | D:8      | Reached XP level 10. HP: 47/83 MP: 13/19
  9113 | D:8      | Got the cursed flail of Ointment {crush, Dex+6}
  9114 | D:8      | Identified the cursed +1 flail of Ointment {crush, Dex+6}
                  | (You found it on level 8 of the Dungeon)
  9453 | D:8      | Noticed Harold
  9747 | D:8      | Killed Harold
 10012 | D:8      | Reached skill level 5 in Maces & Flails
 10333 | D:8      | Noticed Erica
 10554 | D:9      | Noticed Erolcha
 10605 | D:9      | Killed Erolcha
 10887 | D:9      | Noticed a two-headed ogre
 10922 | D:10     | Entered Level 10 of the Dungeon
 11224 | D:10     | Noticed a skeletal warrior
 11412 | D:9      | Found Tukaof's Antique Armour Emporium.
 11884 | D:5      | Bought an uncursed amulet of regeneration for 420 gold
                  | pieces
 11985 | D:8      | Killed Erica
 11985 | D:8      | Reached XP level 11. HP: 59/94 MP: 5/20
 12317 | D:10     | Learned a level 1 spell: Magic Dart
 12417 | D:10     | Reached ** piety under Ashenzari
 12780 | D:10     | Noticed a two-headed ogre
 12791 | D:10     | Identified the ring "Looqer" {rF+ SInv}
 12791 | D:10     | Noticed an orc knight
 12793 | D:10     | Killed a two-headed ogre
 12835 | D:10     | Killed an orc knight
 13123 | D:10     | Identified a scroll of acquirement
 13172 | D:10     | Killed a skeletal warrior
 13513 | D:11     | Noticed a five-headed hydra
 13521 | D:11     | Killed a five-headed hydra
 13542 | D:11     | Killed an unseen horror
 13856 | D:11     | Found a staircase to the Orcish Mines.
 13889 | D:11     | Noticed a four-headed hydra
 13891 | D:11     | Found a staircase to the Lair.
 13922 | D:11     | Killed a four-headed hydra
 14311 | D:11     | Found Zerur's Antique Armour Emporium.
 14382 | D:11     | Killed an unseen horror
 14382 | D:11     | Reached XP level 12. HP: 64/104 MP: 15/24
 14842 | Orc:1    | Entered Level 1 of the Orcish Mines
 14842 | Orc:1    | Noticed an orc high priest
 14867 | Lair:1   | Entered Level 1 of the Lair of Beasts
 15335 | Lair:1   | Reached skill level 8 in Transmutations
 15719 | Lair:1   | Found a snail-covered altar of Cheibriados.
 15971 | Lair:2   | Found a staircase to the Snake Pit.
 16125 | Lair:2   | Reached skill level 9 in Transmutations
 16614 | Lair:2   | Found a runed translucent gate.
 16615 | Lair:2   | Found a runed translucent gate.
 16615 | Lair:2   | Noticed Suk Xiy's ghost (journeyman DrTm)
 16617 | Lair:2   | Noticed a 13-headed hydra
 16618 | Lair:2   | Found a runed translucent gate.
 16618 | Lair:2   | Noticed an 11-headed hydra
 16678 | Lair:2   | Reached *** piety under Ashenzari
 17304 | Lair:2   | Reached skill level 10 in Transmutations
 17510 | Lair:3   | Noticed a six-headed hydra
 17527 | Lair:3   | Killed a six-headed hydra
 17527 | Lair:3   | Reached skill level 1 in Evocations
 17754 | Lair:3   | Reached XP level 13. HP: 81/111 MP: 20/26
 17798 | Lair:3   | Reached skill level 5 in Evocations
 18437 | Lair:3   | Found a staircase to the Shoals.
 18772 | Lair:4   | Reached **** piety under Ashenzari
 18890 | Lair:4   | Reached skill level 10 in Fighting
 19153 | Lair:4   | Found a runed translucent gate.
 19153 | Lair:4   | Found a runed translucent gate.
 19262 | Lair:4   | Found a runed translucent gate.
 19314 | Lair:4   | Learned a level 2 spell: Blink
 19558 | Lair:4   | Noticed Tunlugh's ghost (adept GrEE)
 20099 | Lair:5   | Found a staircase to the Slime Pits.
 21885 | D:12     | Reached skill level 5 in Conjurations
 22075 | D:12     | Reached ***** piety under Ashenzari
 22914 | D:13     | Reached XP level 14. HP: 105/126 MP: 14/27
 22940 | D:13     | Noticed Kirke
 22975 | D:13     | Killed Kirke
 23247 | D:13     | Reached skill level 10 in Spellcasting
 23595 | D:13     | Found a gate to the Vaults.
 24158 | D:13     | Learned a level 7 spell: Dragon Form
 24570 | D:14     | Reached skill level 11 in Transmutations
 24755 | D:14     | Reached skill level 1 in Shields
 24907 | D:14     | Found a blossoming altar of Fedhas.
 25093 | D:14     | Noticed Frances
 25131 | D:14     | Killed Frances
 25354 | D:15     | Entered Level 15 of the Dungeon
 25367 | D:15     | Found Dutidaergh's Armour Boutique.
 25478 | D:15     | Noticed Azrael
 25484 | D:15     | Killed Azrael
 25534 | D:15     | Reached skill level 12 in Transmutations
 25541 | D:15     | Found Monwutzu's Gadget Shop.
 25554 | D:15     | Found a frozen archway.
 25559 | IceCv    | Entered an ice cave
 25768 | IceCv    | Reached XP level 15. HP: 124/132 MP: 20/29
 25785 | IceCv    | Identified the ring "Hohorph" {rElec rN+ MP+9 Slay-4}
 26867 | D:15     | Found a white marble altar of Elyvilon.
 27067 | D:15     | Reached skill level 13 in Transmutations
 27078 | D:15     | Found a staircase to the Depths.
 28079 | Orc:2    | Entered Level 2 of the Orcish Mines
 28095 | Orc:2    | Noticed an orc warlord
 28611 | Orc:2    | Found a staircase to the Elven Halls.
 28675 | Orc:2    | Killed an orc warlord
 28675 | Orc:2    | Reached skill level 5 in Unarmed Combat
 28826 | Orc:2    | Reached ****** piety under Ashenzari
 28891 | Orc:2    | Found Qotutoes's Food Shoppe.
 28891 | Orc:2    | Found Ladidut's Food Boutique.
 28892 | Orc:2    | Found Dyorch's Distillery.
 28892 | Orc:2    | Found Tilih's General Store.
 28900 | Orc:2    | Bought the ring of Nooq {+Inv rElec rN+ Str+2 Int+4} for
                  | 911 gold pieces
 29535 | Elf:1    | Entered Level 1 of the Elven Halls
 29611 | Elf:1    | Noticed Asterion
 29624 | Elf:1    | HP: 9/198 [Asterion/+5 demon trident of flaming (8)]
 30142 | Lair:2   | Reached skill level 10 in Unarmed Combat
 30154 | Lair:2   | Gained mutation: You are agile. (Dex +2) [potion of
                  | mutation]
 30154 | Lair:2   | Gained mutation: Your tail ends in a poisonous barb.
                  | [potion of mutation]
 30154 | Lair:2   | Gained mutation: Your tail ends in a sharp poisonous barb.
                  | [potion of mutation]
 30206 | Lair:2   | Killed Suk Xiy's ghost
 30206 | Lair:2   | Reached skill level 1 in Axes
 30228 | Snake:1  | Entered Level 1 of the Snake Pit
 30321 | Shoals:1 | Entered Level 1 of the Shoals
 30412 | Shoals:1 | Reached XP level 16. HP: 139/139 MP: 30/30
 30701 | Shoals:1 | Reached skill level 5 in Axes
 30771 | Shoals:2 | Found a runed translucent gate.
 30771 | Shoals:2 | Found a runed translucent gate.
 30771 | Shoals:2 | Found a runed translucent gate.
 30813 | Shoals:2 | Noticed HilariousDeathArtist's ghost (adept CeWz)
 31508 | Shoals:2 | Reached skill level 1 in Stealth
 32117 | Shoals:3 | Reached skill level 5 in Stealth
 32350 | Shoals:4 | Entered Level 4 of the Shoals
 32350 | Shoals:4 | Identified the +0 arbalest "Karaijyr" {venom, Int+4 Stlth+}
 32381 | Shoals:4 | Noticed Ilsuiw
 32781 | Shoals:4 | Hit by a javelin thrown by a merfolk javelineer

Levels and vault maps discovered:
D:1:      dpeg_arrival_subterranean_lakeside_camping, layout_basic
D:2:      layout_rooms, overflow_temple_1_default, first_ration,
          hangedman_ru_absence
D:3:      gammafunk_steamed_eel, layout_basic, nicolae_overflow_hidden_temple,
          tso_altar, kennysheep_path_1, minmay_circle_x, uniq_crazy_yiuf_cottage
D:4:      layout_rooms, portal_sewer_entry_f
D:5:      layout_loops_ring, lemuel_coloured_pillars_altar,
          minmay_temple_entry_mini_moons, serial_shops,
          nicolae_shop_statue_plus, minmay_misc_feat_doors, uniq_edmund,
          uniq_ijyb
D:6:      layout_basic, okawaru_metal_pillars_1_2, st_stairs_6, uniq_grinder,
          uniq_blork_the_orc
D:7:      layout_layer_cave, the_bakery, uniq_duvessa
D:8:      layout_gridville, uniq_harold, uniq_joseph, uniq_erica
D:9:      layout_basic, serial_curves, eino_curves_02, eino_curves_03,
          serial_shops, shop, uniq_erolcha
D:10:     layout_loops_ring, nzn_random_ring
D:11:     layout_basic, due_lair_maze_entry_diamond, orc_0_dummy, serial_shops,
          shop, minmay_fire_ice_demons
D:12:     layout_basic, minmay_lindwurm_lava
D:13:     minmay_quarter_circles, layout_long_grid, david_vaults_2, uniq_kirke
D:14:     layout_gridville, fedhas_altar_1, uniq_frances
D:15:     grunt_enter_depths_hoard, layout_basic,
          portal_ice_cave_entry_pillars_1, serial_shops, shop, shop,
          minmay_misc_feat_diagonals, minmay_strange_pillars,
          corexii_corridor_pit, elyvilon_altar_4, uniq_azrael
Temple:   minmay_crystal_spiral_temple
Lair:1:   layout_cave_pods, kennysheep_snail_temple
Lair:2:   regret_index_bee_streams, layout_misc_corridors,
          guppyfry_snake_entry_island, gammafunk_ghost_hydra_chop
Lair:3:   layout_loops_ring, elwin_shoals_entry_rooms,
          infiniplex_staircase_pool, grunt_megastairs_2
Lair:4:   lemuel_slime, layout_regular_city, gammafunk_ghost_necromancy,
          lookout_lair_type, bobbens_ice_dragon_lair, lemuel_fruit_tree
Lair:5:   layout_concentric_octagons, minmay_slime_entry_pillars
Shoals:1: layout_shoals, nicolae_shoals_undead_eyrie
Shoals:2: layout_shoals, gammafunk_ghost_necromancy,
          nicolae_shoals_circle_sea_wall
Shoals:3: layout_shoals
Shoals:4: shoals_end_grunt_garden, layout_shoals, shoal_ilsuiw, yaktaur_hedge
Snake:1:  skrybe_snakes_to_sticks, layout_basic, uniq_aizul
Orc:1:    layout_caves, mines_bat_river
Orc:2:    st_orc_ogre_mass, layout_caves
Elf:1:    eino_elf_arrival_the_gate, layout_loops_cross, minivault_28,
          uniq_asterion

Skill      XL: |  1  2  3  4  5  6  7  8  9 10 11 12 13 14 15 16 |
---------------+-------------------------------------------------+-----
Transmutations | 3 4 5 6 7 10 12 13 | 13.5
Spellcasting   | 3 5 6 8 9 10 | 10.0
Fire Magic     | 5 6 7 9 |  9.0
Fighting       | 5 6 8 9 12 | 12.0
Air Magic      | 1 4 |  4.2
Dodging        | 6 8 9 |  9.9
Maces & Flails | 7 8 9 |  9.1
Conjurations   | 4 6 |  6.4
Evocations     | 4 5 |  5.3
Shields        | 4 |  4.3
Unarmed Combat | 10 | 10.0
Axes           | 3 8 |  8.3
Stealth        | 6 |  6.1

Action                   |  1- 3 |  4- 6 |  7- 9 | 10-12 | 13-15 | 16-18 || total
-------------------------+-------+-------+-------+-------+-------+-------++-------
Melee: Unarmed           |   131 |   234 |   314 |    42 |   295 |   141 ||  1157
       Headbutt          |     7 |     5 |    17 |     6 |       |     1 ||    36
       Kick              |     9 |     8 |     8 |       |       |       ||    25
       Tailslap          |    14 |    17 |    33 |   143 |   250 |    29 ||   486
       Punch             |     1 |     1 |     3 |    10 |    12 |     7 ||    34
       Flail             |       |       |       |   865 |  1180 |       ||  2045
       Bite              |       |       |       |       |    28 |    16 ||    44
       Broad axe         |       |       |       |       |       |   108 ||   108
Throw: Dart              |       |     6 |     5 |    21 |    13 |       ||    45
       Throwing net      |       |       |       |     1 |       |       ||     1
 Cast: Beastly Appendage |    14 |     9 |    12 |     2 |       |     2 ||    39
       Sticks to Snakes  |     2 |    15 |    25 |    92 |   139 |    17 ||   290
       Spider Form       |       |    14 |     8 |     2 |     1 |       ||    25
       Conjure Flame     |       |       |    11 |    67 |    64 |       ||   142
       Mephitic Cloud    |       |       |     6 |    24 |    21 |       ||    51
       Magic Dart        |       |       |       |    22 |     4 |       ||    26
       Dragon Form       |       |       |       |       |    16 |    11 ||    27
       Blink             |       |       |       |       |       |     1 ||     1
Invok: Curse Item        |       |       |     2 |     1 |       |     3 ||     6
 Abil: Breathe Fire      |       |       |    23 |    49 |    72 |     7 ||   151
Evoke: Wand              |       |       |     6 |    16 |    11 |       ||    33
       Fan of gales      |       |       |       |       |     1 |       ||     1
  Use: Potion            |     2 |     1 |     3 |    14 |     7 |     1 ||    28
       Scroll            |       |     7 |     6 |    14 |    17 |     3 ||    47
 Stab: Sleeping          |     1 |       |     1 |     2 |     5 |     1 ||    10
       Distracted        |       |     3 |       |     9 |    19 |     1 ||    32
       Confused          |       |       |     7 |    11 |    10 |       ||    28
       Invisible         |       |       |       |       |     1 |       ||     1
       Paralysed         |       |       |       |       |     2 |       ||     2
  Eat: Chunk             |     3 |    12 |    19 |    28 |    47 |    13 ||   122
       Ration            |       |       |     1 |     4 |     6 |     1 ||    12
Armor: Skin              |    45 |   103 |   116 |   350 |   553 |   174 ||  1341
Dodge: Dodged            |    86 |   201 |   242 |  1048 |  1492 |   300 ||  3369
Block: Buckler           |       |       |       |       |   145 |    50 ||   195
